 Dungeon Crawl Stone Soup version 0.25.0-9-g26727b657a (webtiles) character file.

Game seed: 11721053124663552196

931 protoss039 the Digger (level 7, -8/36 HPs)
             Began as a Deep Elf Earth Elementalist on June 19, 2020.
             Mangled by Duvessa
             ... wielding a +0 short sword
              (10 damage)
             ... on level 5 of the Dungeon.
             The game lasted 00:21:57 (7105 turns).

protoss039 the Digger (Deep Elf Earth Elementalist) Turns: 7105, Time: 00:21:57

Health: -8/36      AC:  3    Str:  5    XL:     7   Next: 86%
Magic:  13/19      EV: 13    Int: 22    God:
Gold:   280        SH:  0    Dex: 15    Spells: 7/20 levels left

rFire    . . .     SeeInvis .   r - +0 short sword
rCold    . . .     Gourm    .   (no shield)
rNeg     . . .     Faith    .   c - +0 robe
rPois    +         Spirit   .   (no helmet)
rElec    .         Reflect  .   (no cloak)
rCorr    .         Harm     .   (no gloves)
MR       .....                  y - +0 pair of boots
Stlth    ++++......             (no amulet)
HPRegen  0.12/turn              s - ring of stealth
MPRegen  0.16/turn              p - ring of poison resistance

@: confusing touch
A: no striking features
a: no special abilities


You were on level 5 of the Dungeon.
You were hungry.

You visited 1 branch of the dungeon, and saw 5 of its levels.

You collected 280 gold pieces.

Inventory:

Hand Weapons
 k - a +0 dagger
 r - a +0 short sword (weapon)
Missiles
 b - 116 stones (quivered)
Armour
 c - a +0 robe (worn)
 u - a +0 pair of gloves of dexterity
 y - a +0 pair of boots (worn)
Jewellery
 a - an uncursed ring of resist corrosion
 m - a +6 ring of strength
 p - a ring of poison resistance (right hand)
 s - a ring of stealth (left hand)
Wands
 v - a wand of disintegration (18)
 D - a wand of acid (2)
Scrolls
 e - a scroll of immolation {unknown}
 f - 3 scrolls of enchant weapon {unknown}
 g - 2 scrolls of enchant armour {unknown}
 j - 3 scrolls of teleportation {unknown}
 n - 2 scrolls of magic mapping {unknown}
 o - 9 scrolls of identify {unknown}
 q - a scroll of amnesia {unknown}
 w - 2 scrolls of blinking {unknown}
 x - a scroll of remove curse {unknown}
 E - a scroll of random uselessness {unknown}
 F - a scroll of fog {unknown}
Potions
 h - a potion of curing
 i - a potion of brilliance {unknown}
 l - 2 potions of haste {unknown}
 t - a potion of mutation {unknown}
 z - a potion of heal wounds {unknown}
 A - 2 potions of berserk rage {unknown}
 B - a potion of cancellation {unknown}
Comestibles
 d - 12 rations


   Skills:
 - Level 2.8 Dodging
 - Level 4.0 Stealth
 - Level 0.1 Unarmed Combat
 + Level 7.0 Spellcasting
 * Level 3.1 Conjurations
 * Level 2.8 Hexes
 + Level 1.2 Transmutations
 + Level 7.1 Earth Magic


You had 7 spell levels left.
You knew the following spells:

 Your Spells              Type           Power        Failure   Level  Hunger
a - Sandblast             Erth           #####.       1%          1    None
b - Passwall              Tmut/Erth      ####....     2%          2    None
c - Stone Arrow           Conj/Erth      ####..       3%          3    None
d - Confusing Touch       Hex            ###.....     8%          3    None
e - Petrify               Tmut/Erth      ####....     14%         4    ###....

Your spell library contained the following spells:

 Spells                   Type           Power        Failure   Level  Hunger
 Lee's Rapid Deconstruct  Erth           #####.....   12%         5    #####..
 Gell's Gravitas          Tloc           #.........   24%         3    None
 Yara's Violent Unravell  Hex/Tmut       ###.......   69%         5    #####..
 Metabolic Englaciation   Hex/Ice        ##........   77%         5    #####..


Dungeon Overview and Level Annotations

Branches:
Dungeon (5/15)
 Temple: D:4-7

Altars:
Fedhas
Ru
Yredelemnul

Annotations:
D:5 Dowan, Duvessa


Message History

You hit Duvessa but do no damage.
Duvessa is lightly wounded.
Dowan points at you and mumbles some strange words.
The puff of frost hits you. Duvessa barely misses you.
Unknown command.
Unknown command.
Casting: Confusing Touch (dangerous; 8% risk of failure)
Confirm with . or Enter, or press ? or * to list all spells.
Aiming: Passwall (safe; 2% risk of failure)
Press: ? - help, Dir - move target cursor, p - Duvessa A rock wall.
Dowan hits you with a +0 dagger. Duvessa hits you with a +0 short sword!
* * * LOW HITPOINT WARNING * * *
You begin to meditate on the wall.
You continue meditating on the rock.
Dowan gestures at Duvessa while chanting.
Duvessa seems to speed up.
Duvessa hits you with a +0 short sword.
* * * LOW HITPOINT WARNING * * *
You continue meditating on the rock.
Duvessa hits you with a +0 short sword!
You die...

.# .# .# ########.#
#........# .........
......e.#### #########
......e@...# #........
.....#####.###.#########
...............#.....)..
. ...#.#.....##.#######
#............#
#.......##.#.#
#..#.....#.#.##### ..###
# #..#.....#.#......
#....# ..
#.#........#.#.....#


You could see Duvessa (fast) and Dowan.

Vanquished Creatures
  3 phantoms (D:4)
  2 ogres (D:4)
  A howler monkey (D:4)
  2 crimson imps (D:5)
  A hound (D:4)
  3 orc priests
  An iguana (D:4)
  Ijyb (D:5)
  2 orc wizards
  A worker ant (D:4)
  3 adders
  An ooze (D:2)
  A worm (D:3)
  2 dart slugs
  3 leopard geckos
  19 orcs
  4 giant cockroaches
  9 goblins
  8 hobgoblins
  10 jackals
  9 kobolds
  2 quokkas
  6 bats
  3 frilled lizards
  9 rats
106 creatures vanquished.

Notes
Turn   | Place    | Note
-------+----------+-------------------------------------------
     0 | D:1      | protoss039 the Deep Elf Earth Elementalist began the quest
                  | for the Orb.
     0 | D:1      | Reached XP level 1. HP: 10/10 MP: 6/6
   334 | D:1      | Reached XP level 2. HP: 15/15 MP: 6/8
  1422 | D:1      | Reached XP level 3. HP: 19/19 MP: 8/10
  1779 | D:2      | Learned a level 2 spell: Passwall
  3365 | D:3      | Reached XP level 4. HP: 11/24 MP: 6/12
  3388 | D:3      | Learned a level 3 spell: Stone Arrow
  4243 | D:3      | Found a basalt altar of Yredelemnul.
  4834 | D:4      | Noticed a phantom
  4846 | D:4      | HP: 1/24 [phantom (6)]
  4861 | D:4      | Killed a phantom
  4861 | D:4      | Reached skill level 5 in Earth Magic
  4861 | D:4      | Reached XP level 5. HP: 11/28 MP: 4/14
  5084 | D:4      | Noticed a phantom
  5168 | D:4      | Killed a phantom
  5168 | D:4      | Reached skill level 5 in Spellcasting
  5168 | D:4      | Reached XP level 6. HP: 22/32 MP: 10/15
  5174 | D:4      | Learned a level 3 spell: Confusing Touch
  5376 | D:4      | Reached skill level 1 in Hexes
  5382 | D:4      | Reached skill level 1 in Conjurations
  5384 | D:4      | Reached XP level 7. HP: 22/36 MP: 7/18
  6260 | D:4      | Learned a level 4 spell: Petrify
  6398 | D:5      | Entered Level 5 of the Dungeon
  6398 | D:5      | Noticed Ijyb
  6403 | D:5      | Killed Ijyb
  6620 | D:5      | Found a sacrificial altar of Ru.
  6621 | D:5      | Found a blossoming altar of Fedhas.
  7092 | D:5      | Noticed Duvessa
  7098 | D:5      | Noticed Dowan
  7105 | D:5      | Mangled by Duvessa

Illustrated notes

Levels and vault maps discovered:
D:1:      lightli_arrival_statue_moat, layout_loops_corners,
          minmay_small_reverse_x
D:2:      layout_rooms, minmay_tree_intersection
D:3:      minmay_evil_eye, layout_basic, lemuel_round_altar
D:4:      layout_loops_ring, first_ration
D:5:      layout_basic, chequers_temple_overflow_statue_of_worship, uniq_ijyb,
          uniq_duvessa

Skill      XL: |  1  2  3  4  5  6  7 |
---------------+----------------------+-----
Earth Magic    | 4 5 6 7 |  7.1
Stealth        | 3 4 |  4.0
Spellcasting   | 4 5 6 7 |  7.0
Hexes          | 1 2 |  2.8
Conjurations   | 1 3 |  3.1
Dodging        | |  2.8
Unarmed Combat | |  0.1
Transmutations | |  1.2

Action                   |  1- 3 |  4- 6 |  7- 9 || total
-------------------------+-------+-------+-------++-------
Melee: Unarmed           |    39 |       |       ||    39
       Dagger            |    75 |       |       ||    75
       Short sword       |    13 |    41 |    50 ||   104
 Cast: Sandblast         |    51 |    54 |    36 ||   141
       Passwall          |       |     1 |     4 ||     5
       Stone Arrow       |       |       |     2 ||     2
       Confusing Touch   |       |       |     1 ||     1
  Use: Potion            |       |     2 |       ||     2
 Stab: Sleeping          |    12 |     4 |     5 ||    21
  Eat: Chunk             |     4 |     6 |     5 ||    15
       Ration            |     1 |       |       ||     1
Armor: Robe              |    18 |     9 |    12 ||    39
Dodge: Dodged            |   115 |    34 |    42 ||   191
